 Dungeon Crawl Stone Soup version 0.18.1-48-g4cf74bf (webtiles) character file.

1708 Jerry the Cleaver (level 8, -2/62 HPs)
             Began as a Minotaur Gladiator on Aug 13, 2016.
             Killed by divine providence
             ... invoked by an orc priest
              (12 damage)
             ... on level 6 of the Dungeon.
             The game lasted 00:15:58 (5080 turns).

Jerry the Cleaver (Minotaur Gladiator)              Turns: 5080, Time: 00:15:58

Health: -2/62      AC: 14    Str: 18    XL:     8   Next: 73%
Magic:  7/7        EV: 12    Int:  5    God:
Gold:   411        SH:  0    Dex: 13    Spells: 0 memorised, 7 levels left

rFire  + + .     SeeInvis .     k - +2 hand axe (flame)
rCold  . . .     Gourm    .     y - +0 ring mail
rNeg   . . .     Faith    .     (no shield)
rPois  .         Spirit   .     C - +2 hat
rElec  .         Dismiss  .     F - +2 cloak
rCorr  .         Reflect  .     (no gloves)
SustAt .         Harm     .     (no boots)
MR     .....                    (no amulet)
Stlth  +.........               B - ring of protection from fire
                                u - ring of protection from fire

@: not resistant to hostile enchantments, very unstealthy
A: retaliatory headbutt, horns 2, slimy green scales 1, deterioration 1,
screaming 1, weak 1
a: no special abilities


You were on level 6 of the Dungeon.
You were very hungry.

You visited 1 branch of the dungeon, and saw 6 of its levels.

You collected 411 gold pieces.

Inventory:

Hand Weapons
 a - a +0 war axe
 k - a +2 hand axe of flaming (weapon)
Missiles
 D - 68 stones (quivered)
Armour
 y - a +0 ring mail (worn)
 C - a +2 hat (worn)
 F - a +2 cloak (worn)
Jewellery
 u - a ring of protection from fire (left hand)
 B - a ring of protection from fire (right hand)
Scrolls
 c - a scroll of fog {unknown}
 d - 2 scrolls of teleportation {unknown}
 e - 3 scrolls of noise {unknown}
 l - 2 scrolls of fear {unknown}
 m - 6 scrolls of remove curse {unknown}
 q - 3 scrolls of magic mapping {unknown}
 s - a scroll of random uselessness {unknown}
 t - 2 scrolls of enchant armour {unknown}
 w - 3 scrolls of identify {unknown}
 x - 2 scrolls of enchant weapon {unknown}
 E - a scroll of blinking {unknown}
 G - a scroll of amnesia {unknown}
Potions
 b - a potion of lignification {unknown}
 i - a potion of degeneration {unknown}
 j - 3 potions of curing {unknown}
 n - 3 potions of haste {unknown}
 o - a potion of cure mutation {unknown}
 p - a potion of mutation {unknown}
 v - a potion of heal wounds {unknown}
 A - 2 potions of brilliance {unknown}
Books
 r - a book of Summonings

   Spells                             Type                      Level
   a - Recall                         Summoning/Translocation      3
   b - Aura of Abjuration             Summoning                    5
   c - Summon Demon                   Summoning                    5
   d - Summon Forest                  Summoning/Translocation      5
   e - Summon Mana Viper              Hexes/Summoning              5
   f - Shadow Creatures               Summoning                    6
Comestibles
 f - 3 bread rations
 g - 3 fruits
 h - 4 meat rations
 z - a beef jerky


   Skills:
 - Level 2.4 Fighting
 + Level 10.3 Axes
 - Level 4.5 Throwing
 + Level 7.6 Armour
 - Level 3.2 Dodging


You had 7 spell levels left.
You didn't know any spells.

Dungeon Overview and Level Annotations

Branches:
Dungeon (6/15)
 Temple: D:4-7

Altars:
Elyvilon
Gozag
Kikubaaqudgha
Makhleb
Nemelex Xobeh
Sif Muna
Xom
Yredelemnul


Innate Abilities, Weirdness & Mutations

You reflexively headbutt those who attack you in melee.
You have a pair of horns on your head.
You are partially covered in slimy green scales (AC +2).
Your body sometimes deteriorates upon taking damage.
You occasionally shout uncontrollably at your foes.
You are weak. (Str -2)


Message History

You are too injured to fight recklessly!
You are too injured to fight recklessly!
You are too injured to fight recklessly!
Unknown command.
You hit the orc priest. You burn the orc priest.
The orc priest is severely wounded.
You hit the orc warrior but do no damage.
The orc priest casts a cantrip, but nothing happens.
The orc warrior hits you with a hand axe!
* * * LOW HITPOINT WARNING * * *
An orc comes into view. It is wielding a mace.
You closely miss the orc priest.
The orc shouts!
You headbutt the orc priest.
The orc priest is almost dead.
You hit the orc warrior. You burn the orc warrior.
The orc warrior is lightly wounded.
The orc priest mumbles some strange prayers to Beogh against you.
Beogh smites you!
You die...

###############
#.............. ### ##
#.#####.#.##### ..# #.
....# #.#.# # ..######
#o #.#.###.#.# #
.......# #. #.#.#...#.#
# ..####.# #.
#.#)#.#.#.# # ..# #.#
#o###.....#.#.# # #.#
#.# #o@(....###.#.#####
#.# #.# #########
###...... ..####.###
##.####
##.......######### #.#
#.###.#.##.'..#.########
#.# #.#
#...#......#..##...#
##'##
#.####....)...####.....#
#...## #......)...'.##
###..[# #....##
##..##.#.##### #####
#.....#


You could see an orc warrior, an orc priest and an orc.

Vanquished Creatures
  Pikel (D:6)
  A sky beast (D:6)
  A black bear (D:4)
  An ogre (D:5)
  2 centaurs
  A giant frog (D:6)
  A crimson imp (D:6)
  2 giant frog zombies
  3 hounds
  An orc priest (D:4)
  Jessica (D:3)
  Terence (D:2)
  4 iguanas
  3 worker ants
  Natasha (thrice) (D:4)
  2 orc wizards (D:5)
  10 adders
  A gnoll (D:1)
  An adder skeleton (D:4)
  An adder zombie (D:6)
  2 worms
  A dart slug (D:1)
  5 giant geckos
  12 orcs
  7 giant cockroaches
  5 goblins
  A hobgoblin (D:2)
  6 jackals
  5 quokkas
  3 ball pythons (D:3)
  7 bats
  5 giant newts
  6 kobolds
  A quokka skeleton (D:4)
  15 rats
122 creatures vanquished.

Vanquished Creatures (others)
  A slave (D:6)
  Crazy Yiuf (D:6)
  A jackal (D:6)
3 creatures vanquished.

Grand Total: 125 creatures vanquished

Notes
Turn   | Place    | Note
--------------------------------------------------------------
     0 | D:1      | Jerry the Minotaur Gladiator began the quest for the Orb.
     0 | D:1      | Reached XP level 1. HP: 18/18 MP: 0/0
   140 | D:1      | Reached skill level 4 in Axes
   143 | D:1      | Reached XP level 2. HP: 21/25 MP: 1/1
   261 | D:1      | Reached XP level 3. HP: 29/30 MP: 2/2
   893 | D:2      | Noticed Terence
   899 | D:2      | Killed Terence
   899 | D:2      | Reached skill level 5 in Axes
   946 | D:2      | Found a sparkling altar of Nemelex Xobeh.
  1005 | D:2      | Reached XP level 4. HP: 37/37 MP: 3/3
  1706 | D:3      | Found a shimmering altar of Xom.
  1707 | D:3      | Found a shimmering altar of Xom.
  1707 | D:3      | Found a shimmering altar of Xom.
  1707 | D:3      | Found a shimmering altar of Xom.
  1708 | D:3      | Found a shimmering altar of Xom.
  1758 | D:3      | Reached XP level 5. HP: 42/42 MP: 4/4
  1904 | D:3      | Noticed Jessica
  1909 | D:3      | Killed Jessica
  1909 | D:3      | Reached skill level 6 in Axes
  2085 | D:3      | Found an opulent altar of Gozag.
  2088 | D:3      | Found a shimmering altar of Xom.
  2091 | D:3      | Found a basalt altar of Yredelemnul.
  2177 | D:3      | Found a white marble altar of Elyvilon.
  2554 | D:4      | Noticed Natasha
  2561 | D:4      | Killed Natasha
  2561 | D:4      | Reached XP level 6. HP: 45/50 MP: 5/5
  2768 | D:4      | Found an ancient bone altar of Kikubaaqudgha.
  3000 | D:4      | Noticed Natasha
  3005 | D:4      | Killed Natasha
  3221 | D:4      | Noticed Natasha
  3228 | D:4      | Killed Natasha
  3228 | D:4      | Reached skill level 7 in Axes
  3332 | D:4      | Reached skill level 1 in Armour
  3464 | D:5      | Entered Level 5 of the Dungeon
  3534 | D:5      | Found a deep blue altar of Sif Muna.
  3569 | D:5      | Reached XP level 7. HP: 27/56 MP: 6/6
  3784 | D:5      | Reached skill level 8 in Axes
  4250 | D:6      | Noticed Pikel
  4260 | D:6      | Killed Pikel
  4260 | D:6      | Reached skill level 9 in Axes
  4260 | D:6      | Reached XP level 8. HP: 57/62 MP: 7/7
  4324 | D:6      | Reached skill level 10 in Axes
  4419 | D:6      | Noticed Crazy Yiuf
  4423 | D:6      | Killed Crazy Yiuf
  4816 | D:6      | Found a burning altar of Makhleb.
  5066 | D:6      | Gained mutation: You are partially covered in slimy green scales (AC +2). [mutagenic meat]
  5067 | D:6      | Gained mutation: You occasionally shout uncontrollably at your foes. [mutagenic meat]
  5068 | D:6      | Gained mutation: Your body sometimes deteriorates upon taking damage. [mutagenic meat]
  5069 | D:6      | Gained mutation: You are weak. (Str -2) [mutagenic meat]
  5080 | D:6      | Killed from afar by an orc priest

Skill      XL: |  1  2  3  4  5  6  7  8 |
---------------+-------------------------+-----
Axes           | 4 5 6 7 9 10 | 10.3
Throwing       | 3 4 |  4.5
Armour         | 3 6 7 |  7.6
Fighting       | |  2.4
Dodging        | |  3.2

Action                   |  1- 3 |  4- 6 |  7- 9 || total
-------------------------+-------+-------+-------++-------
Melee: War axe           |    51 |    17 |       ||    68
       Headbutt          |     7 |    16 |    22 ||    45
       Hand axe          |       |    94 |   102 ||   196
Throw: Throwing net      |     1 |     2 |     1 ||     4
       Stone             |       |       |     3 ||     3
 Stab: Held in net/web   |     2 |       |       ||     2
  Eat: Chunk             |       |     8 |     8 ||    16
Armor: Leather armour    |    12 |     9 |       ||    21
       Ring mail         |       |     3 |    25 ||    28
Dodge: Dodged            |    35 |    60 |    42 ||   137
